 Dungeon Crawl Stone Soup version 0.31.0-32-g396128a36d (webtiles) character file.

Game seed: 3522815190059390126

1288 cdecastro the Fighter (level 8, -22/73 HPs)
             Began as a Human Cinder Acolyte on Mar 19, 2024.
             Was a Priest of Ignis.
             Annihilated by an ogre
             ... wielding a +0 giant club
              (23 damage)
             ... on level 5 of the Dungeon on Mar 20, 2024.
             The game lasted 00:13:47 (5441 turns).

cdecastro the Fighter (Human Cinder Acolyte)        Turns: 5441, Time: 00:13:49

Health: -22/73     AC: 15    Str: 14    XL:     8   Next: 55%
Magic:  9/9        EV:  5    Int: 18    God:    Ignis [***...]
Gold:   133        SH:  9    Dex:  8    Spells: 9/9 levels left

rFire   + + .        b - +0 dagger (venom)
rCold   . . .        m - +0 tower shield
rNeg    . . .        y - +0 ring mail
rPois   .            n - +2 helmet {SInv}
rElec   .            (no cloak)
rCorr   .            (no gloves)
SInv    +            (no boots)
Will    .....        (no amulet) Stlth
                     j - ring of protection from fire
HPRegen 0.32/turn    (no ring)
MPRegen 0.11/turn

%: no passive effects
@: lethally poisoned (-22 -> -27), fiery-armoured
A: explore regen
a: Renounce Religion, Fiery Armour, Foxfire Swarm, Rising Flame


You were on level 5 of the Dungeon.
You worshipped Ignis.
Ignis was most pleased with you.
You visited 1 branch of the dungeon, and saw 5 of its levels.

You collected 171 gold pieces.
You spent 38 gold pieces at shops.

Inventory:

Hand Weapons
 a - a -1 spear of flaming
 b - a +0 dagger of venom (weapon)
Missiles
 d - 3 darts of dispersal (quivered)
 i - 6 poisoned darts
 k - 17 boomerangs
 q - 2 atropa-tipped darts
Armour
 m - a +0 tower shield (worn)
 n - a +2 helmet of see invisible (worn)
 p - an orb of energy
 t - a +0 robe
 y - a +0 ring mail (worn)
Magical Staves
 u - a staff of death
Jewellery
 j - a ring of protection from fire (left hand)
 A - a ring of flight
Wands
 B - a wand of charming (8)
Scrolls
 e - 3 scrolls of teleportation {unknown}
 f - 2 scrolls of revelation {unknown}
 h - 3 scrolls of enchant armour {unknown}
 l - 2 scrolls of butterflies {unknown}
 o - a scroll of brand weapon {unknown}
 r - a scroll of immolation {unknown}
 s - a scroll of enchant weapon {unknown}
 w - 2 scrolls of identify {unknown}
 x - 2 scrolls of fear {unknown}
 z - a scroll of blinking {unknown}
Potions
 c - 2 potions of curing {unknown}
 g - a potion of cancellation {unknown}
 v - a potion of invisibility {unknown}


   Skills:
 + Level 10.5 Fighting
 - Level 3.0 Polearms
 - Level 1.0 Spellcasting
 - Level 3.0 Fire Magic


You had 9 spell levels left.
You didn't know any spells.
Your spell library contained the following spells:

 Spells                   Type           Power      Damage    Failure   Level
 Scorch                   Fire           22%        2d5       98%         2
 Magic Dart               Conj           0%         1d3       100%        1
 Blink                    Tloc           0%         N/A       100%        2
 Call Imp                 Summ           0%         N/A       100%        2
 Ensorcelled Hibernation  Hex/Ice        0%         N/A       100%        2
 Fugue of the Fallen      Necr           0%         N/A       100%        3
 Volatile Blastmotes      Fire/Tloc      12%        2d11      100%        3
 Anguish                  Hex/Necr       0%         N/A       100%        4
 Flame Wave               Conj/Fire      6%         2d5       100%        4
 Fulminant Prism          Conj/Alch      0%         3d5       100%        4
 Iskenderun's Mystic Bla  Conj/Tloc      0%         2d3       100%        4
 Summon Cactus Giant      Summ           0%         N/A       100%        6


Dungeon Overview and Level Annotations

Branches:
Dungeon (5/15)
 Temple: D:4-7

Altars:
Qazlal

Shops:
D:3 *

Annotations:
D:5 Pikel


Innate Abilities, Weirdness & Mutations

You regain HP and MP as you explore.


Message History

You are more poisoned.
The scorpion poisons you!
You hit the scorpion but do no damage.
The scorpion is poisoned.
You feel very sick. You block the scorpion's attack. x2
You hit the scorpion but do no damage.
The scorpion looks even sicker.
The scorpion is lightly wounded.
You feel very sick. The scorpion stings you.
An orc comes into view. It is wielding a +0 flail.
The scorpion stings you.
You are more poisoned.
The scorpion poisons you! You block the ogre's attack.
The orc moves out of view.
You feel very sick.
Okay, then.
Unknown command.
A protective cloak of flame settles atop you.
You feel very sick.
You kill the scorpion!
Your life force feels restored.
Unknown command.
You feel very sick.
You hit the ogre.
The ogre is poisoned.
The ogre is lightly wounded.
You feel very sick.
The ogre hits you with a +0 giant club!!
* * * LOW HITPOINT WARNING * * *
The ogre is burned by your cloak of flames.
The ogre is moderately wounded.
* * * LOW HITPOINT WARNING * * *
You feel sick.
Okay, then.
Activating: Foxfire Swarm
Press: ? - help, Dir - look around, f - activate Flames leap up around you!
* * * LOW HITPOINT WARNING * * *
You feel sick.
The ogre hits you with a +0 giant club!!
You die...

.............................
.................##....###...
.............†..###....###...
................###....#.....
.................##..##......
..................#..........
.#........vvvvv.......#.##...
.....$...ovvvvv......##.###..
.#...o...#vv@vv......#...#...
....#....##Ovv###..#.....#...
.#..#...).vvvv#..†...........
. ###.##...####............
####.### #........§... ###
#..##...§.~§. #####.#.~~§§.
#....§§~~ ##..~.~..


You could see an ogre (very poisoned, ally target) and an orc (ally target).

Vanquished Creatures
  Grinder (D:4)
  Sigmund (D:5)
  Eustachio (D:3)
  2 lemures
  3 phantoms
  3 scorpions (D:5)
  2 bombardier beetles (D:4)
  An orc priest (D:5)
  A gnoll bouda (D:4)
  A sleepcap (D:5)
  An iguana (D:3)
  4 gnolls
  11 adders
  2 ribbon worms (D:3)
  A dart slug (D:2)
  7 orcs
  6 endoplasms
  2 giant cockroaches
  8 goblins
  7 hobgoblins
  3 jackals (D:1)
  2 kobolds
  5 quokkas
  2 ball pythons
  7 bats
  2 frilled lizards
  5 rats
91 creatures vanquished.

Notes
Turn   | Place    | Note
-------+----------+-------------------------------------------
     0 | D:1      | cdecastro the Human Cinder Acolyte began the quest for the
                  | Orb.
     0 | D:1      | Reached XP level 1. HP: 18/18 MP: 2/2
   122 | D:1      | Reached XP level 2. HP: 18/24 MP: 3/3
   865 | D:2      | Reached skill level 4 in Fighting
  1012 | D:2      | Reached XP level 3. HP: 30/30 MP: 4/4
  1171 | D:2      | Found a faded altar of an unknown god.
  1870 | D:3      | Found Qeusutut's Assorted Antiques.
  1968 | D:3      | Bought a scroll labelled QORUWO JOEMOPT for 19 gold pieces
  1968 | D:3      | Bought a scroll labelled YLUTZI WEKHLE for 19 gold pieces
  2281 | D:3      | Reached XP level 4. HP: 27/38 MP: 5/5
  2515 | D:4      | Noticed a phantom
  2597 | D:3      | Reached skill level 5 in Fighting
  2903 | D:4      | Reached XP level 5. HP: 37/46 MP: 6/6
  3313 | D:3      | Reached skill level 6 in Fighting
  3539 | D:4      | Killed a phantom
  3540 | D:4      | Reached XP level 6. HP: 45/53 MP: 7/7
  3594 | D:4      | Reached skill level 7 in Fighting
  3645 | D:4      | Noticed Grinder
  3649 | D:4      | Paralysed by Grinder for 4 turns
  3661 | D:4      | Paralysed by Grinder for 5 turns
  3684 | D:4      | Killed Grinder
  3685 | D:4      | Reached skill level 8 in Fighting
  3685 | D:4      | Reached XP level 7. HP: 36/62 MP: 8/8
  4040 | D:5      | Entered Level 5 of the Dungeon
  4040 | D:5      | Noticed Pikel
  4300 | D:5      | Noticed Sigmund
  4376 | D:5      | Killed Sigmund
  4377 | D:5      | Reached skill level 9 in Fighting
  4635 | D:5      | Noticed Eustachio
  4869 | D:5      | Reached XP level 8. HP: 15/71 MP: 9/9
  5045 | D:3      | Killed Eustachio
  5245 | D:5      | Reached skill level 10 in Fighting
  5278 | D:5      | Found a stormy altar of Qazlal.
  5440 | D:5      | HP: 2/73 [poisoned by a scorpion]
  5441 | D:5      | Annihilated by an ogre

Illustrated notes

Levels and vault maps discovered:
D:1:      shiori_shiawase, layout_basic, minivault_27
D:2:      layout_loops_ring, ebering_ecumenical_altar_webs
D:3:      layout_rooms, serial_shops, nicolae_shop_waterfront,
          kennysheep_crisscross
D:4:      layout_rooms, chequers_serial_rivers_room_a, minmay_tree_intersection,
          st_stairs_11, minmay_misc_feat_diagonals, roderic_serpentine_path,
          uniq_grinder
D:5:      layout_cave_pools, nicolae_qazlal_scattered_showers,
          chequers_serial_rivers_micro_d, st_stairs_9, uniq_eustachio,
          uniq_sigmund, uniq_pikel, uniq_duvessa

Skill      XL: |  1  2  3  4  5  6  7  8 |
---------------+-------------------------+-----
Fighting       | 4 5 6 8 9 10 | 10.5
Polearms       | |  3.0
Spellcasting   | |  1.0
Fire Magic     | |  3.0

Action                     |  1- 3 |  4- 6 |  7- 9 || total
---------------------------+-------+-------+-------++-------
  Melee: Spear             |   148 |    14 |    37 ||   199
         Dagger            |       |   111 |   133 ||   244
 Invoke: Fiery Armour      |       |     1 |     3 ||     4
         Foxfire Swarm     |       |       |     1 ||     1
   Stab: Sleeping          |     1 |     1 |       ||     2
 Armour: Robe              |    80 |   102 |     4 ||   186
         Ring mail         |       |       |   221 ||   221
  Dodge: Dodged            |    54 |    37 |    51 ||   142
  Block: Tower shield      |    29 |    57 |   119 ||   205
